AoeStats
← OcultoElTopo

African Clearing

510894909Analyzed
3v3 RM · 22h ago on Oct 3, 2026· 42m 23s· 6 players
Game mode
Random Map
Map size
Normal (6 player)
Population
200
Speed
Normal
Resources
Standard
Victory
Conquest
Starting age
Dark Age
Ending age
Imperial Age
RankedLock teamsTeams togetherTeam positionsShared explorationLock speedFull tech treeHidden civsTurbo modeCheats
Victory
Defeat
🇦🇷 Varangians · Argentina
1208
+14
🇦🇷 Danes · Argentina
1155
+16
🇦🇷 Varangians · Argentina
1148
+16
🇺🇸 Vietnamese · United States
1162
-16
🇧🇷 Danes · Brazil
1154
-15
🇺🇸 Hindustanis · United States
1144
-15
Oblierater Noob
12:55 Feudal Age
12:00 Loom
14:16 Double-Bit Axe
17:02 Forging
16:58 Scale Barding Armor
17:00 Horse Collar
18:22 Bloodlines
25:14 Castle Age
26:42 Bow Saw
26:34 Heavy Plow
27:17 Wheelbarrow
27:45 Husbandry
28:43 Hand Cart
36:06 Gold Mining
37:10 Chain Barding Armor
39:05 Iron Casting
42:22 Gold Shaft Mining
44:42 Imperial Age
42:15 Fletching
42:48 Scale Mail Armor
CHRISTISKING
11:41 Loom
13:39 Feudal Age
15:49 Double-Bit Axe
15:46 Horse Collar
17:33 Fletching
25:08 Castle Age
24:01 Padded Archer Armor
25:49 Bodkin Arrow
26:51 Thumb Ring
27:41 Leather Archer Armor
31:00 Ballistics
31:40 Pikeman
38:01 Imperial Age
39:12 Bracer
40:17 Chemistry
NobregaPF
12:59 Feudal Age
11:15 Loom
18:19 Castle Age
16:28 Double-Bit Axe
19:15 Bow Saw
20:55 Fishing Lines
22:54 Wheelbarrow
26:55 Gillnets
30:03 Horse Collar
30:47 Gambesons
31:02 Squires
30:48 Arson
35:13 Imperial Age
32:27 Hamask
34:14 Hand Cart
34:21 Forging
35:24 Capped Ram
36:44 Iron Casting
36:10 Scale Mail Armor
37:00 Fletching
37:10 Padded Archer Armor
37:16 Scale Barding Armor
37:52 Conscription
37:22 Cranequins
39:04 Thumb Ring
39:24 Ballistics
40:00 Gold Mining
41:49 Gold Shaft Mining
MansionP.
4:21 Loom
5:18 Loom
13:58 Feudal Age
14:24 Double-Bit Axe
18:08 Forging
23:16 Castle Age
23:42 Scale Barding Armor
27:52 Bow Saw
27:22 Horse Collar
35:54 Heavy Plow
40:29 Imperial Age
37:59 Fletching
38:38 Padded Archer Armor
38:54 Husbandry
39:16 Gold Mining
39:16 Stone Mining
40:56 Wheelbarrow
41:43 Stone Shaft Mining
41:25 Bodkin Arrow
42:05 Leather Archer Armor
42:57 Hand Cart
42:28 Town Watch
Greco
8:05 Loom
14:31 Feudal Age
16:14 Double-Bit Axe
19:28 Castle Age
20:29 Bloodlines
20:21 Husbandry
20:34 Forging
20:30 Scale Barding Armor
20:43 Bow Saw
21:54 Wheelbarrow
21:07 Horse Collar
23:48 Heavy Plow
24:30 Hand Cart
25:50 Gold Mining
26:15 Stone Mining
27:40 Iron Casting
28:14 Chain Barding Armor
28:44 Town Watch
30:31 Stone Shaft Mining
35:23 Imperial Age
39:22 Cavalier
42:03 Elite Jarl
OcultoElTopo
7:36 Loom
10:02 Loom
13:31 Feudal Age
18:46 Castle Age
16:48 Scale Mail Armor
17:27 Forging
17:55 Double-Bit Axe
21:54 Bow Saw
24:29 Horse Collar
26:49 Heavy Plow
27:32 Arson
29:54 Gambesons
31:15 Chain Mail Armor
32:20 Squires
33:34 Town Watch
38:47 Iron Casting
38:35 Hamask
40:23 Wheelbarrow
43:37 Imperial Age
Connection lost

Rejoining the realm…

Still unreachable

The connection could not be restored.

Session expired

The server has moved on; the page needs a fresh start.